 Dungeon Crawl Stone Soup version 0.29-a0-323-g050149af67 (webtiles) character file.

Game seed: 12767017898646062603

4 spaghetti the Conjurer (level 1, -2/13 HPs)
             Began as a Demonspawn Conjurer on Apr 11, 2022.
             Slain by a gnoll
             ... wielding a +0 whip
              (3 damage)
             ... on level 1 of the Dungeon.
             The game lasted 00:00:24 (37 turns).

spaghetti the Conjurer (Demonspawn Conjurer)          Turns: 37, Time: 00:00:25

Health: -2/13      AC:  2    Str:  7    XL:     1   Next: 50%
Magic:  0/3        EV: 12    Int: 19    God:
Gold:   0          SH:  0    Dex: 11    Spells: 3/4 levels left

rFire   . . .      SeeInvis .   (no weapon)
rCold   . . .      Faith    .   (no shield)
rNeg    . . .      Spirit   .   a - +0 robe
rPois   .          Reflect  .   (no helmet)
rElec   .          Harm     .   (no cloak)
rCorr   .          Rampage  .   (no gloves)
Will    .....                   (no boots)
Stlth   ++........              (no amulet)
HPRegen 0.04/turn               (no ring)
MPRegen 0.08/turn               (no ring)

@: no status effects
A: no striking features
a: no special abilities


You were on level 1 of the Dungeon.
You visited 1 branch of the dungeon, and saw 1 of its levels.


   Skills:
 - Level 1.7 Dodging
 - Level 1.7 Stealth
 + Level 2.3 Spellcasting
 - Level 4.0 Conjurations


You had 3 spell levels left.
You knew the following spells:

 Your Spells              Type           Power      Damage    Failure   Level
a - Magic Dart            Conj           68%        1d6       3%          1

Your spell library contained the following spells:

 Spells                   Type           Power      Damage    Failure   Level
 Searing Ray              Conj           34%        2d5       4%          2
 Dazzling Flash           Conj/Hex       18%        N/A       22%         3
 Fulminant Prism          Conj/Hex       4%         3d6       56%         4
 Iskenderun's Mystic Bla  Conj/Tloc      9%         2d4       56%         4

Inventory:

Armour
 a - a +0 robe (worn)

Dungeon Overview and Level Annotations

Branches:
Dungeon (1/15)

Altars:

Shops:
D:1

*
.∩hh.###..##
#.# .
#.(.....#
#.#
####.##..#
#.. #.# ###
### #.# #)#
# #.#
#...######.#
.......@g..#
#...########
.


You could see a gnoll.


Message History

Aim: a jackal (moderately wounded, 100% to hit)
The magic dart hits the jackal.
You kill the jackal! 😎 MP[-1]
You lost 1 mp, and now have 1/3 mp.
Aiming: Magic Dart (safe; 3% risk of failure)
Press: ? - help, Q - select action Shift-Dir - straight line, f - jackal
Aim: a jackal (100% to hit)
The magic dart hits the jackal.
A gnoll comes into view. It is wielding a +0 whip.
A jackal comes into view. 😎 MP[-1]
You lost 1 mp, and now have 0/3 mp.
You don't have enough magic to cast this spell.
Unknown command.
You don't have enough magic to cast this spell.
Unknown command.
You don't have enough magic to cast this spell.
Unknown command.
You see here a +0 dagger {short}.
You aren't carrying any scrolls.
Magic courses through your body. 😎 MP[+3]
Your mp is fully restored (3).
Aiming: Magic Dart (safe; 3% risk of failure)
Press: ? - help, Q - select action Shift-Dir - straight line, f/p - jackal
Aim: a jackal (moderately wounded, 100% to hit)
The magic dart hits the jackal.
You kill the jackal!
The jackal closely misses you. 😎 MP[-1]
You lost 1 mp, and now have 2/3 mp.
Aiming: Magic Dart (safe; 3% risk of failure)
Press: ? - help, Q - select action Shift-Dir - straight line, f/p - jackal
Aim: a jackal (moderately wounded, 100% to hit)
The magic dart hits the jackal.
The jackal misses you. 😎 MP[-1]
You lost 1 mp, and now have 1/3 mp.
Aiming: Magic Dart (safe; 3% risk of failure)
Press: ? - help, Q - select action Shift-Dir - straight line, f/p - jackal
Aim: a jackal (severely wounded, 100% to hit)
The magic dart hits the jackal.
The jackal bites you but does no damage. 😎 MP[-1]
You lost 1 mp, and now have 0/3 mp.
You don't have enough magic to cast this spell.
Unknown command.
You don't have enough magic to cast this spell.
Unknown command.
You hit the jackal but do no damage. The jackal closely misses you.
The jackal barely misses you.
You barely miss the jackal. The jackal bites you. 😕 HP[-1] MP[+1]
You take 1 damage, and now have 12/13 hp.
Okay, then.
Aiming: Magic Dart (safe; 3% risk of failure)
Press: ? - help, Q - select action Shift-Dir - straight line, f/p - jackal
Aim: a jackal (almost dead, 100% to hit)
The magic dart hits the jackal.
You kill the jackal! 😕 MP[-1]
You lost 1 mp, and now have 0/3 mp.
You aren't carrying any items that you can evoke.
You closely miss the gnoll. The gnoll barely misses you.
You hit the gnoll but do no damage.
The gnoll hits you with a +0 whip. 😮 HP[-4]
You take 4 damage, and now have 8/13 hp.
MASSIVE DAMAGE!! (PAUSE)
You aren't carrying any potions.
You see here a viscous red potion.
b - a viscous red potion The gnoll misses you.
It was a potion of curing.
You feel better. The gnoll closely misses you. 😎 HP[+5]
Your hp is fully restored (13).
Unknown command.
You barely miss the gnoll. The gnoll barely misses you.
You hit the gnoll. The gnoll barely misses you.
You barely miss the gnoll. The gnoll hits you with a +0 whip!
Ouch! That really hurt!
* * * LOW HITPOINT WARNING * * *
😨 HP[-8]
You take 8 damage, and now have 5/13 hp.
MASSIVE DAMAGE!! (PAUSE)
You aren't carrying any potions.
You aren't carrying any scrolls.
Unknown command.
You aren't carrying any items that you can evoke.
The gnoll attacks as you move away! The gnoll hits you with a +0 whip.
* * * LOW HITPOINT WARNING * * *
😱 HP[-4] MP[+1]
You take 4 damage, and now have 1/13 hp.
MASSIVE DAMAGE!! (PAUSE)
Aiming: Magic Dart (safe; 3% risk of failure)
Press: ? - help, Q - select action Shift-Dir - straight line, f - gnoll
Aim: a gnoll, wielding a +0 whip (100% to hit)
The magic dart hits the gnoll.
The gnoll hits you with a +0 whip.
You die...

Action                   || total
-------------------------++-------
Melee: Unarmed           ||     7
 Cast: Magic Dart        ||     8
  Use: Potion            ||     2
Armor: Robe              ||     1
Dodge: Dodged            ||     9

Levels and vault maps discovered:
D:1:      minmay_arrival_diagonal_passages, layout_loops_ring, serial_shops,
          nicolae_shop_statue_plus, nicolae_square_shop,
          ebering_ecumenical_altar_abandoned

Notes
Turn   | Place    | Note
-------+----------+-------------------------------------------
     0 | D:1      | spaghetti the Demonspawn Conjurer began the quest for the
                  | Orb.
     0 | D:1      | Reached XP level 1. HP: 13/13 MP: 3/3
     0 | D:1      | magus.rc [v1.9.6]
    10 | D:1      | Found Qekairhi's Assorted Antiques.
    36 | D:1      | HP: 1/13 [gnoll/+0 whip (4)]
    37 | D:1      | Slain by a gnoll

Vanquished Creatures
  3 jackals (D:1)
3 creatures vanquished.

Table legend:
 A = Non-vault XP
 B = Vault XP
 C = Vault XP percentage of total XP
 D = Non-vault monster count
 E = Vault monster count
 F = Vault count percentage of total count
                 A         B        C        D         E       F
            +---------+---------+-------+---------+---------+-------
      Total |       6 |       0 |   0.0 |       3 |       0 |   0.0
            +---------+---------+-------+---------+---------+-------
        D:1 |       6 |       0 |   0.0 |       3 |       0 |   0.0
            +---------+---------+-------+---------+---------+-------

Illustrated notes

Table legend:
 A = Kills in this place as a percentage of kills in entire the game.
 B = Kills by you in this place as a percentage of kills by you in the entire game.
 C = Kills by friends in this place as a percentage of kills by friends in the entire game.
 D = Other kills in this place as a percentage of other kills in the entire game.
 E = Experience gained in this place as a percentage of experience gained in the entire game.
 F = Experience gained in this place divided by the number of levels of this place that you have seen.
                   A       B       C       D       E      F
               +-------+-------+-------+-------+-------+----------------------
         Total | 100.0 | 100.0 |   N/A |   N/A | 100.0 |   6.0
       Dungeon | 100.0 | 100.0 |   N/A |   N/A | 100.0 |   6.0
               +-------+-------+-------+-------+-------+----------------------

Table legend: (Time is in decaauts)
 A = Elapsed time spent in this place.
 B = Non-inter-level travel time spent in this place.
 C = Inter-level travel time spent in this place.
 D = Time resting spent in this place.
 E = Time spent auto-exploring this place.
 F = Levels seen in this place.
 G = Mean time per level.
                   A        B        C        D        E       F      G
               +--------+--------+--------+--------+--------+-----+--------+
         Total |     37 |     37 |      0 |      0 |     10 |   1 |   37.0 |
       Dungeon |     37 |     37 |      0 |      0 |     10 |   1 |   37.0 |
               +--------+--------+--------+--------+--------+-----+--------+

Top non-repeatable levels by time:
     D:1: 37 daAuts
